 Dungeon Crawl Stone Soup version 0.31.0-9-g3a7656b989 (webtiles) character file.

Game seed: 16825628245094797729

211 qw the Skirmisher (level 5, -1/30 HPs)
             Began as a Deep Elf Hunter on Feb 2, 2024.
             Killed from afar by an orc wizard (4 damage)
             ... with a puff of flame
             ... on level 3 of the Dungeon.
             The game lasted 00:00:05 (1182 turns).

qw the Skirmisher (Deep Elf Hunter)                 Turns: 1182, Time: 00:00:05

Health: -1/30      AC:  6    Str: 10    XL:     5   Next: 57%
Magic:  0/7        EV: 11    Int: 14    God:
Gold:   81         SH:  0    Dex: 18    Spells: 4/4 levels left

rFire   . . .        a - +0 shortbow
rCold   . . .        (shield currently unavailable)
rNeg    . . .        f - +0 ring mail
rPois   +            (no helmet)
rElec   .            (no cloak)
rCorr   .            (no gloves)
SInv    .            l - +0 pair of boots
Will    .....        d - amulet of guardian spirit
Stlth   +            (no ring)
HPRegen 0.25/turn    (no ring)
MPRegen 0.10/turn

%: guardian spirit
@: no status effects
A: poison resistance
a: no special abilities


You were on level 3 of the Dungeon.
You visited 1 branch of the dungeon, and saw 3 of its levels.

You collected 81 gold pieces.


Innate Abilities, Weirdness & Mutations

Your system is resistant to poisons. (rPois)


   Skills:
 + Level 1.8 Fighting
 - Level 9.0 Ranged Weapons
 - Level 2.4 Dodging
 - Level 1.2 Stealth


You had 4 spell levels left.
You didn't know any spells.
Your spell library was empty.

Inventory:

Hand Weapons
 a - a +0 shortbow (weapon)
Armour
 f - a +0 ring mail (worn)
 l - a +0 pair of boots (worn)
Jewellery
 c - an amulet of reflection
 d - an amulet of guardian spirit (around neck)
Scrolls
 b - 2 scrolls of revelation {unknown}
 i - a scroll of enchant armour {unknown}
 o - a scroll of blinking {unknown}
 p - a scroll of teleportation {unknown}
 r - a scroll of identify
Potions
 e - a potion of lignification {unknown}
 g - a potion of haste
 h - 3 potions of curing
 j - a potion of might {unknown}
 k - a potion of degeneration {unknown}
 m - 2 potions of heal wounds {unknown}
 n - a potion of resistance {unknown}
 q - a potion of berserk rage {unknown}

Dungeon Overview and Level Annotations

Branches:
Dungeon (3/15)

Altars:
The Shining One


Message History

The orc wizard hits you but does no damage.
You shoot an arrow. The arrow hits the orc priest.
The orc priest is severely wounded.
The orc wizard casts a spell at you. The magic dart hits you.
The orc misses you.
The orc priest miscasts a cantrip.
The orc wizard hits you but does no damage.
You shoot an arrow.
The arrow hits the orc priest but does no damage.
The orc priest is severely wounded.
The orc priest hits you but does no damage.
The orc wizard casts a spell.
The orc wizard flickers and vanishes!
Deactivating autopickup; reactivate with Ctrl-A.
The orc wizard hits you but does no damage.
The orc barely misses you.
You shoot an arrow. The arrow hits the orc priest.
The orc priest is severely wounded.
The orc hits you with a +0 club.
The orc priest casts a cantrip, but nothing happens.
Something hits you but does no damage.
The orc wizard hits you with a +0 dagger.
You shoot an arrow.
The arrow closely misses the orc priest.
The orc priest barely misses you.
You hear some strange, mumbled words.
A magic dart appears from out of thin air!
The magic dart hits you but does no damage.
The orc hits you but does no damage.
The orc wizard hits you but does no damage.
You shoot an arrow. The arrow hits the orc priest.
The orc priest is almost dead.
The orc misses you. Something hits you.
The orc priest casts a cantrip, but nothing happens.
The orc wizard barely misses you.
You shoot an arrow. The arrow barely misses the orc priest.
You hear the quick rusting of a drain very nearby.
The orc wizard gestures at you while chanting.
The puff of flame hits you.
You die...

.. ... ## .. ..
##) .. #.. .#
##.####.##.#
.....wo{o#.###.
#@o......
#.##.####
#.##.# #.<..#
###..####
#.....# ##.##.#
#.##.# #.##.#


You could see an orc priest, an orc wizard, a dart slug and an orc.

Vanquished Creatures
  Sigmund (D:3)
  An adder (D:3)
  2 dart slugs (D:1)
  An orc (D:3)
  4 ball pythons
  6 endoplasms
  2 giant cockroaches (D:1)
  6 goblins
  A hobgoblin (D:2)
  3 quokkas
  A bat (D:1)
  5 frilled lizards
  3 kobolds
  3 rats
39 creatures vanquished.

Notes
Turn   | Place    | Note
-------+----------+-------------------------------------------
     0 | D:1      | qw the Deep Elf Hunter began the quest for the Orb.
     0 | D:1      | Reached XP level 1. HP: 12/12 MP: 3/3
     0 | D:1      | 0 ||| qw: Version: 0.3-a-155-g5e7d8dd
     0 | D:1      | 0 ||| qw: Game counter: 1655
     0 | D:1      | 0 ||| qw: Melee chars always use a shield: true
     0 | D:1      | 0 ||| qw: God list: Okawaru
     0 | D:1      | 0 ||| qw: Allow faded altars: false
     0 | D:1      | 0 ||| qw: Do Orc after clearing Dungeon:15 true
     0 | D:1      | 0 ||| qw: Do second Lair branch before Depths: true
     0 | D:1      | 0 ||| qw: Lair rune preference: random
     0 | D:1      | 0 ||| qw: Goals: Normal
     0 | D:1      | 0 ||| PLANNING D:1-11
    35 | D:1      | Reached skill level 6 in Ranged Weapons
    35 | D:1      | Reached XP level 2. HP: 16/16 MP: 4/4
   419 | D:1      | 419 ||| UPGRADING to +0 ring mail.
   429 | D:1      | 429 ||| DROPPING +0 leather armour.
   430 | D:1      | 430 ||| UPGRADING to +0 pair of boots.
   435 | D:1      | 435 ||| UPGRADING to amulet of guardian spirit.
   440 | D:1      | 440 ||| DROPPING +6 ring of intelligence.
   441 | D:1      | 441 ||| READING 2 scrolls labelled ZUF GUXIB ITT.
   441 | D:1      | 441 ||| IDENTIFYING coppery potion
   442 | D:1      | 442 ||| READING scroll of identify.
   442 | D:1      | 442 ||| IDENTIFYING fuming emerald potion
   443 | D:1      | 443 ||| DRINKING 2 murky green potions.
   443 | D:1      | Gained mutation: You have a beak for a mouth. [potion of
                  | mutation]
   443 | D:1      | Gained mutation: You occasionally lose the ability to drink
                  | potions when taking damage. [potion of mutation]
   444 | D:1      | 444 ||| DRINKING potion of mutation.
   444 | D:1      | Lost mutation: You have a beak for a mouth. [potion of
                  | mutation]
   444 | D:1      | Lost mutation: You occasionally lose the ability to drink
                  | potions when taking damage. [potion of mutation]
   444 | D:1      | Gained mutation: Your system is resistant to poisons.
                  | (rPois) [potion of mutation]
   445 | D:1      | 445 ||| DROPPING scroll of butterflies.
   516 | D:2      | Reached XP level 3. HP: 20/20 MP: 5/5
   770 | D:2      | You fall into a shaft and drop 1 floor!
   770 | D:3      | Found a glowing golden altar of the Shining One.
   771 | D:3      | 771 ||| PLANNING SEWER
   909 | D:3      | Found a faded altar of an unknown god.
   972 | D:3      | Noticed Sigmund
   973 | D:3      | 973 ||| DRINKING 2 potions of haste.
   974 | D:3      | 974 ||| DRINKING 3 potions of curing.
   974 | D:3      | 974 ||| (to cure confusion)
   976 | D:3      | 976 ||| DRINKING 2 potions of curing.
   976 | D:3      | 976 ||| (to cure confusion)
   977 | D:3      | 977 ||| FLEEEEING.
   978 | D:3      | 978 ||| FLEEEEING.
   979 | D:3      | 979 ||| FLEEEEING.
   980 | D:3      | 980 ||| FLEEEEING.
   982 | D:3      | 982 ||| FLEEEEING.
   983 | D:3      | 983 ||| FLEEEEING.
   985 | D:3      | 985 ||| FLEEEEING.
   986 | D:3      | 986 ||| FLEEEEING.
   987 | D:3      | 987 ||| FLEEEEING.
   988 | D:3      | 988 ||| FLEEEEING.
   989 | D:3      | 989 ||| FLEEEEING.
   990 | D:3      | 990 ||| FLEEEEING.
  1014 | D:3      | HP: 3/20 [something/puff of flame (7)]
  1015 | D:3      | Killed Sigmund
  1016 | D:3      | Reached skill level 9 in Ranged Weapons
  1016 | D:3      | Reached XP level 4. HP: 4/25 MP: 1/6
  1016 | D:3      | Reached XP level 5. HP: 5/29 MP: 1/7
  1177 | D:3      | HP: 7/30 [orc wizard/magic dart (4)]
  1181 | D:3      | HP: 2/30 [something (3)]
  1182 | D:3      | Killed from afar by an orc wizard

Levels and vault maps discovered:
D:1:      ebering_trefoil_twist, layout_rooms
D:2:      layout_basic, minmay_misc_feat_room, grunt_decor_cap
D:3:      layout_loops_ring, nicolae_tso_carved_into_rock, portal_sewer_entry_a,
          hellmonk_ecumenical_altar_pennies_from_heaven, uniq_sigmund

Skill      XL: |  1  2  3 |
---------------+----------+-----
Ranged Weapons | 6 9 |  9.0
Fighting       | |  1.8
Dodging        | |  2.4
Stealth        | |  1.2

Action                     |  1- 3 |  4- 6 || total
---------------------------+-------+-------++-------
   Fire: Shortbow          |    98 |    19 ||   117
    Use: Potion            |     5 |       ||     5
         Scroll            |     2 |       ||     2
 Armour: Ring mail         |     8 |    19 ||    27
  Dodge: Dodged            |     8 |     8 ||    16

Table legend:
 A = Non-vault XP
 B = Vault XP
 C = Vault XP percentage of total XP
 D = Non-vault monster count
 E = Vault monster count
 F = Vault count percentage of total count
                 A         B        C        D         E       F
            +---------+---------+-------+---------+---------+-------
      Total |      79 |     223 |  73.8 |      38 |       1 |   2.6
            +---------+---------+-------+---------+---------+-------
        D:1 |      39 |       0 |   0.0 |      21 |       0 |   0.0
        D:2 |      17 |       0 |   0.0 |      11 |       0 |   0.0
        D:3 |      23 |     223 |  90.7 |       6 |       1 |  14.3
            +---------+---------+-------+---------+---------+-------
